 Dungeon Crawl Stone Soup version 0.31-a0-1068-g5939ac1fb6 (webtiles) character file.

Game seed: 9478769464729498498

67538 Apprentice the Executioner (level 14, -1/135 HPs)
             Began as a Minotaur Berserker on Nov 25, 2023.
             Was a High Priest of Trog.
             Slain by a troll simulacrum (15 damage)
             ... on level 13 of the Dungeon.
             The game lasted 01:05:00 (21342 turns).

Apprentice the Executioner (Minotaur Berserker)    Turns: 21342, Time: 01:05:02

Health: -1/135     AC: 20    Str: 34    XL:     14   Next: 83%
Magic:  13/13      EV:  9    Int:  4    God:    Trog [*****.]
Gold:   1044       SH:  0    Dex:  7    Spells: 13/13 levels left

rFire   + . .        o - +8 demon trident "Rift" {distort, reach+}
rCold   . . .        (no shield)
rNeg    . . .        g - +1 plate armour
rPois   .            (helmet restricted)
rElec   .            (no cloak)
rCorr   .            D - +0 pair of gloves
SInv    .            (no boots)
Will    +....        m - amulet of the acrobat Stlth
                     h - ring of protection from fire
HPRegen 0.42/turn    p - +6 ring of strength
MPRegen 0.13/turn

%: acrobat
@: no status effects
A: horns 2, retaliatory headbutt, clumsy 1
a: Renounce Religion, Berserk, Trog's Hand, Brothers in Arms


You were on level 13 of the Dungeon.
You worshipped Trog.
Trog was extremely pleased with you.
You visited 2 branches of the dungeon, and saw 18 of its levels.

You collected 1044 gold pieces.

Inventory:

Hand Weapons
 a - a +0 hand axe
 o - the +8 demon trident "Rift" (weapon) {distort, reach+}
   (You found it on level 5 of the Lair of Beasts)
 s - a +1 flail
 t - a +4 battleaxe
 w - a +2 great mace
 y - a +0 heavy battleaxe
 Y - a +6 executioner's axe of flaming
Missiles
 E - 3 throwing nets
Armour
 g - a +1 plate armour (worn)
 A - an orb of mayhem
 D - a +0 pair of gloves (worn)
Jewellery
 h - a ring of protection from fire (left hand)
 m - an amulet of the acrobat (around neck)
 p - a +6 ring of strength (right hand)
 F - an amulet of guardian spirit
 G - a ring of fire
 H - a ring of see invisible
 M - a ring of resist corrosion
 U - an amulet of faith
 W - a ring of positive energy
 Z - a ring of willpower
Talismans
 O - a blade talisman
Wands
 j - a wand of charming (27)
 q - a wand of flame (44)
 r - a wand of acid (20)
 x - a wand of mindburst (12)
 T - a wand of digging (5)
Scrolls
 c - 12 scrolls of identify
 f - 5 scrolls of teleportation
 i - 7 scrolls of blinking
 k - 3 scrolls of enchant armour
 z - 2 scrolls of noise
 C - 2 scrolls of revelation
 L - a scroll of poison
 N - a scroll of vulnerability
 P - 4 scrolls of immolation
 V - a scroll of brand weapon {unknown}
 X - a scroll of silence {unknown}
Potions
 b - 4 potions of heal wounds
 d - 7 potions of haste
 e - 2 potions of brilliance
 l - 2 potions of degeneration
 n - a potion of enlightenment
 u - 8 potions of curing
 v - a potion of invisibility
 B - 2 potions of might
 I - 4 potions of mutation
 J - 2 potions of resistance
 K - 3 potions of lignification {unknown}
 Q - a potion of magic {unknown}
 R - a potion of cancellation {unknown}
 S - 2 potions of berserk rage {unknown}


   Skills:
 * Level 15.3 Fighting
 - Level 21.7 Axes
 * Level 16.8 Armour
 * Level 3.9 Dodging
 + Level 1.0 Stealth
 + Level 0.1 Evocations


You had 13 spell levels left.
You didn't know any spells.
Your spell library was empty.

Dungeon Overview and Level Annotations

Branches:
Dungeon (13/15)            Temple (0/1) D:4            Lair (5/5) D:11
  Swamp (0/4) Lair:3        Snake (0/4) Lair:2        Slime (0/5) Lair:5
    Orc: D:9-12      Vaults: D:13-14

Altars:
Ashenzari
Cheibriados
Dithmenos
Gozag
Kikubaaqudgha
Qazlal
Ru
Uskayaw
Xom
Yredelemnul
The Shining One

Shops:
D:6 =   D:10 =   D:11 =


Innate Abilities, Weirdness & Mutations

You have a pair of horns on your head.
You reflexively headbutt those who attack you in melee.
You are clumsy. (Dex -2)


Message History

You kill the troll!
Trog accepts your kill.
A freezing mist starts to gather...
A troll simulacrum comes into view.
The orc knight hits you with a +0 long sword!
Unknown command.
You puncture the two-headed ogre!
The two-headed ogre is almost dead.
You hit the two-headed ogre.
You kill the two-headed ogre!
Trog accepts your kill.
The orc knight hits you with a +0 long sword.
A howler monkey comes into view.
The orc knight hits you with a +0 long sword.
Items here: )))).
You impale the orc knight!!
Space warps around the orc knight.
The orc knight is almost dead.
The howler monkey hoots and howls with incredible vigour!
The troll simulacrum closely misses you.
You furiously retaliate!
You headbutt the troll simulacrum. The troll simulacrum barely misses you.
The troll simulacrum claws you but does no damage.
You closely miss the orc knight.
The orc knight is almost dead.
The orc knight hits you but does no damage.
You hit the orc knight but do no damage.
Space warps around the orc knight.
You headbutt the orc knight.
You kill the orc knight!
Trog accepts your kill.
A freezing mist starts to gather...
An orc knight simulacrum comes into view.
The troll simulacrum bites you but does no damage.
The troll simulacrum claws you.
* * * LOW HITPOINT WARNING * * *
The troll simulacrum freezes you!
* * * LOW HITPOINT WARNING * * *
The troll simulacrum claws you!
* * * LOW HITPOINT WARNING * * *
The troll simulacrum freezes you!
You die...

#.. #..##.#.#.#. '.
...#.##.#†#.### #h
#..#.#.#.#!#(## #..
#.....#.#.#)#.# #..
#..#.###.#!#.## #####'#
#.....#.#.#.##.
.......###.##..####.#.#.
......Z)##!##....####...
......)@)Z..............
##'#######.#####.##..###
...# #.###.# # ##### #.#
#.... ..# ##### ### # #


You could see a howler monkey, an orc knight simulacrum and a troll simulacrum.

Vanquished Creatures
  A sphinx (D:12)
  Snorg (Lair:4)
  5 dire elephants (Lair:5)
  Harold (Lair:2)
  A hydra (Lair:4)
  Erolcha (D:10)
  2 centaur warriors
  16 death yaks
  3 two-headed ogres
  Nergalle (Lair:2)
  Urug (D:10)
  2 skysharks
  A spectral anaconda (Lair:5)
  A spectral death yak (Lair:5)
  2 bog bodies (Lair:3)
  An obsidian statue (Lair:5)
  2 orc knights
  4 necromancers
  Pikel (D:7)
  2 ugly things
  A cyclops (D:13)
  20 elephants
  2 gargoyles
  A torpor snail (Lair:5)
  5 black mambas
  10 cane toads
  Maggie (D:7)
  Psyche (D:8)
  A dire elephant skeleton (Lair:5)
  Jeremiah (D:7)
  7 komodo dragons
  2 rime drakes
  A kobold demonologist (D:10)
  A queen bee (D:13)
  4 polar bears
  4 trolls
  A hornet (D:11)
  3 meliai (D:13)
  Prince Ribbit (D:7)
  12 blink frogs
  A spectral elephant (Lair:5)
  8 dream sheep (Lair:5)
  Sigmund (D:5)
  A vampire (D:11)
  2 wraiths (D:10)
  50 yaks
  Eustachio (D:5)
  3 steam dragons
  A spectral cane toad (Lair:5)
  9 vampire mosquitoes
  4 nagas (Lair:2)
  14 water moccasins
  Menkaure (D:5)
  3 acid dragons
  An ice beast (D:5)
  A black bear (Lair:4)
  2 sky beasts
  A centaur (D:9)
  4 ogres
  6 wolves (Lair:1)
  An elephant skeleton (Lair:5)
  2 phantoms
  2 lemures (D:7)
  A kobold brigand (D:10)
  9 bullfrogs
  A scorpion (D:7)
  A cane toad simulacrum (Lair:5)
  A wyvern zombie (D:7)
  A gnoll sergeant (D:10)
  15 wights
  28 killer bees
  6 howler monkeys
  An electric eel (Lair:2)
  2 bullfrog zombies (D:7)
  2 centaur zombies (D:7)
  A human zombie (D:7)
  An iron imp (D:6)
  5 orc priests
  A jelly (D:5)
  A gnoll bouda (D:9)
  6 hounds
  4 iguanas (D:5)
  A sleepcap (D:7)
  11 orc wizards
  2 killer bee zombies (D:7)
  A mummy (D:7)
  4 adders
  7 gnolls
  2 white imps
  2 ufetubi (D:6)
  3 dart slugs
  30 orcs
  5 endoplasms
  2 giant cockroaches (D:3)
  7 goblins
  2 hobgoblins (D:2)
  3 jackals (D:2)
  3 quokkas
  8 ball pythons
  A bat (D:2)
  A frilled lizard (D:1)
  12 kobolds
  7 rats
448 creatures vanquished.

Notes
Turn   | Place    | Note
-------+----------+-------------------------------------------
     0 | D:1      | Apprentice the Minotaur Berserker began the quest for the
                  | Orb.
     0 | D:1      | Reached XP level 1. HP: 19/19 MP: 0/0
   161 | D:1      | Reached XP level 2. HP: 24/27 MP: 1/1
   175 | D:1      | Reached skill level 4 in Axes
   295 | D:1      | Found a faded altar of an unknown god.
   613 | D:2      | Reached XP level 3. HP: 33/33 MP: 2/2
   620 | D:2      | Reached ** piety under Trog
  1241 | D:2      | Reached XP level 4. HP: 18/41 MP: 3/3
  1340 | D:3      | Reached skill level 5 in Axes
  1639 | D:3      | Reached XP level 5. HP: 47/47 MP: 4/4
  2044 | D:4      | Noticed a steam dragon
  2050 | D:4      | Killed a steam dragon
  2051 | D:4      | Reached skill level 5 in Fighting
  2051 | D:4      | Reached XP level 6. HP: 56/56 MP: 5/5
  2136 | D:4      | Found a staircase to the Ecumenical Temple.
  2224 | D:4      | Found a shadowy altar of Dithmenos.
  2281 | D:4      | Identified the +0 helmet of the Evening {-Tele rElec Dex+2}
  2820 | D:5      | Entered Level 5 of the Dungeon
  2841 | D:5      | Reached skill level 5 in Armour
  2846 | D:4      | Reached skill level 6 in Axes
  3160 | D:5      | Reached XP level 7. HP: 61/61 MP: 6/6
  3186 | D:5      | HP: 2/61 [ogre/+0 giant club (27)]
  3189 | D:5      | Reached skill level 7 in Axes
  3451 | D:5      | Found a broken altar of Ashenzari.
  3522 | D:5      | Noticed Eustachio
  3754 | D:5      | Noticed Menkaure
  3884 | D:5      | Killed Eustachio
  3884 | D:5      | Reached *** piety under Trog
  3885 | D:5      | Reached XP level 8. HP: 70/70 MP: 7/7
  3974 | D:5      | Noticed Sigmund
  4009 | D:5      | Killed Sigmund
  4010 | D:5      | Reached skill level 8 in Axes
  4071 | D:5      | Killed Menkaure
  4282 | D:6      | Found Wuacere's Jewellery Shoppe.
  4352 | D:6      | Found a hide-covered altar of Uskayaw.
  4490 | D:6      | Found a snail-covered altar of Cheibriados.
  4507 | D:6      | Reached skill level 9 in Axes
  4825 | D:6      | Reached XP level 9. HP: 79/79 MP: 8/8
  5241 | D:7      | Found a basalt altar of Yredelemnul.
  5252 | D:7      | Reached skill level 10 in Axes
  5319 | D:7      | Noticed Maggie
  5331 | D:7      | Killed Maggie
  5389 | D:7      | Reached skill level 11 in Axes
  5477 | D:7      | Noticed Jeremiah
  5626 | D:7      | Noticed Prince Ribbit
  5637 | D:7      | Killed Prince Ribbit
  6719 | D:8      | Noticed Psyche
  6732 | D:8      | Killed Psyche
  6733 | D:8      | Reached skill level 10 in Armour
  6870 | D:8      | Reached skill level 12 in Axes
  7046 | D:8      | Reached XP level 10. HP: 83/84 MP: 9/9
  7084 | D:8      | Reached **** piety under Trog
  7182 | D:8      | Found a glowing golden altar of the Shining One.
  7203 | D:8      | Found an opulent altar of Gozag.
  7316 | D:8      | Found an ancient bone altar of Kikubaaqudgha.
  7322 | D:8      | Found a shimmering altar of Xom.
  7327 | D:8      | Found a stormy altar of Qazlal.
  7534 | D:7      | Killed Jeremiah
  7725 | D:7      | Noticed Pikel
  7730 | D:7      | Killed Pikel
  7731 | D:7      | Reached skill level 13 in Axes
  8216 | D:9      | Found a sacrificial altar of Ru.
  9008 | D:10     | Entered Level 10 of the Dungeon
  9019 | D:10     | Noticed a two-headed ogre
  9024 | D:10     | Noticed a centaur warrior
  9029 | D:10     | Noticed a gargoyle
  9319 | D:10     | Killed a centaur warrior
  9320 | D:10     | Reached skill level 14 in Axes
  9546 | D:10     | Noticed Urug
  9567 | D:10     | Killed Urug
  9743 | D:10     | Noticed a purple ugly thing
  9751 | D:10     | Killed a purple ugly thing
  9752 | D:10     | Reached XP level 11. HP: 97/97 MP: 10/10
 10260 | D:10     | Reached skill level 15 in Axes
 10360 | D:10     | Found Joxoav's Jewellery Emporium.
 10387 | D:10     | Noticed an orc knight
 10387 | D:10     | Noticed Erolcha
 10393 | D:10     | Killed an orc knight
 10394 | D:10     | Reached skill level 10 in Fighting
 10399 | D:10     | Killed Erolcha
 10899 | D:11     | Noticed a death yak
 10899 | D:11     | Noticed a death yak
 10931 | D:11     | Killed a death yak
 11058 | D:11     | Noticed a two-headed ogre
 11074 | D:11     | Killed a two-headed ogre
 11129 | D:11     | Noticed a death yak
 11199 | D:11     | Reached skill level 16 in Axes
 11225 | D:11     | Killed a death yak
 11226 | D:11     | Killed a death yak
 11519 | D:11     | Found a staircase to the Lair.
 11715 | D:11     | Found Roybby's Jewellery Emporium.
 11828 | D:11     | Reached XP level 12. HP: 101/110 MP: 11/11
 11899 | Lair:1   | Entered Level 1 of the Lair of Beasts
 12157 | Lair:1   | Reached ***** piety under Trog
 12607 | Lair:1   | Reached skill level 17 in Axes
 13933 | Lair:2   | Noticed Nergalle
 13943 | Lair:2   | Killed Nergalle
 14001 | Lair:2   | Noticed Harold
 14019 | Lair:2   | Killed Harold
 14465 | Lair:2   | Reached skill level 18 in Axes
 14491 | Lair:2   | Found a staircase to the Snake Pit.
 15541 | Lair:3   | Reached XP level 13. HP: 119/119 MP: 12/12
 15547 | Lair:3   | Found a staircase to the Swamp.
 16059 | Lair:3   | Identified the +4 short sword of Youthful Indiscretion
                  | {flame, Will+}
 16467 | Lair:4   | Reached skill level 1 in Stealth
 16472 | Lair:4   | Reached skill level 15 in Armour
 16742 | Lair:4   | Reached skill level 19 in Axes
 16834 | Lair:4   | Noticed Snorg
 16850 | Lair:4   | Killed Snorg
 17601 | Lair:5   | Entered Level 5 of the Lair of Beasts
 17718 | Lair:5   | Received a gift from Trog
 18404 | Lair:5   | Reached skill level 20 in Axes
 18446 | Lair:5   | Reached XP level 14. HP: 113/132 MP: 13/13
 19333 | Lair:5   | Found a staircase to the Slime Pits.
 19637 | Lair:5   | Found the +8 demon trident "Rift" {distort, reach+}
 19738 | Lair:5   | Reached skill level 21 in Axes
 20475 | Lair:5   | Gained mutation: You are clumsy. (Dex -2) [a neqoxec]
 20839 | D:12     | Noticed a sphinx
 20844 | D:12     | Killed a sphinx
 20863 | D:13     | Reached skill level 15 in Fighting
 21328 | D:13     | Received a gift from Trog
 21342 | D:13     | Slain by a troll simulacrum

Illustrated notes

Levels and vault maps discovered:
D:1:      minmay_arrival_split_and_join, layout_rooms,
          shapermc_ecumenical_altar_pompeii
D:2:      layout_rooms
D:3:      layout_loops_ring, grunt_ministairs_3
D:4:      layout_loops_ring, grunt_dithmenos_smoke, temple_doors_e
D:5:      layout_basic, lemuel_doored_altar, minmay_misc_feat_tiny,
          uniq_menkaure, uniq_eustachio, uniq_sigmund
D:6:      layout_basic, slow_altar_1, mainiacjoe_overflow_alcove_4,
          serial_shops, nicolae_shop_temple_entry_statues_fountains
D:7:      layout_basic, lemuel_mausoleum_altar_yredelemnul, uniq_pikel,
          uniq_prince_ribbit1, uniq_maggie, uniq_jeremiah
D:8:      layout_cave_pools, grunt_gozag_breadcrumbs, tso_oasis_becter,
          minmay_overflow_temple_star_quad, uniq_psyche
D:9:      layout_roguey, mainiacjoe_overflow_chevrons
D:10:     minmay_opposing_rooms, layout_basic, serial_shops,
          nicolae_shop_statue_plus, uniq_erolcha, uniq_urug
D:11:     layout_rooms, dpeg_lair_monsters, serial_shops,
          nicolae_shop_hallway_plus
D:12:     kennysheep_funnel, layout_basic, orc_0_dummy, serial_shops,
          nicolae_shop_hallway_stairs
D:13:     layout_loops_ring, david_vaults_1, minivault_7
Lair:1:   layout_regular_city
Lair:2:   layout_hall_layers, minmay_snake_entry_guardpost_small,
          nicolae_quartered_pool_medium, grunt_megastairs_2, uniq_harold,
          uniq_nergalle
Lair:3:   layout_regular_city, skrybe_swamp_entry_bodies, lemuel_fruit_tree,
          infiniplex_staircase_pool, serial_bayou_shore_b
Lair:4:   layout_roguey, lemuel_fruit_fields, uniq_snorg
Lair:5:   due_jungle_book, layout_regular_city, dpeg_slime_entry_enclosed

Skill      XL: |  1  2  3  4  5  6  7  8  9 10 11 12 13 14 |
---------------+-------------------------------------------+-----
Fighting       | 4 5 6 7 8 9 11 12 14 15 | 15.3
Axes           | 4 5 6 7 9 12 14 16 18 20 21 | 21.7
Armour         | 3 4 5 7 9 10 11 13 14 15 16 | 16.8
Dodging        | 3 |  3.9
Stealth        | 1 |  1.0
Evocations     | |  0.1

Action                     |  1- 3 |  4- 6 |  7- 9 | 10-12 | 13-15 || total
---------------------------+-------+-------+-------+-------+-------++-------
  Melee: Hand axe          |    85 |    81 |   111 |       |       ||   277
         Headbutt          |    11 |    15 |    45 |    69 |    82 ||   222
         Punch             |       |       |     3 |       |       ||     3
         Battleaxe         |       |       |   154 |   352 |    89 ||   595
         Executioner's axe |       |       |       |       |   211 ||   211
         Great mace        |       |       |       |       |     6 ||     6
         Demon trident     |       |       |       |       |    37 ||    37
 Invoke: Berserk           |       |     2 |     3 |     4 |     3 ||    12
         Trog's Hand       |       |       |     4 |     2 |     1 ||     7
  Evoke: Wand              |       |       |     2 |       |       ||     2
    Use: Scroll            |       |    10 |     5 |    11 |     3 ||    29
 Armour: Animal skin       |     5 |       |       |       |       ||     5
         Plate armour      |    59 |    71 |   175 |   356 |   389 ||  1050
  Dodge: Dodged            |    40 |    32 |   127 |   334 |   280 ||   813

Table legend: (Time is in decaauts)
 A = Elapsed time spent in this place.
 B = Non-inter-level travel time spent in this place.
 C = Inter-level travel time spent in this place.
 D = Time resting spent in this place.
 E = Time spent auto-exploring this place.
 F = Levels seen in this place.
 G = Mean time per level.
                   A        B        C        D        E       F      G
               +--------+--------+--------+--------+--------+-----+--------+
         Total |  21408 |  21408 |      0 |   6030 |   9384 |  18 | 1189.3 |
       Dungeon |  12508 |  12508 |      0 |   3226 |   5653 |  13 |  962.2 |
          Lair |   8900 |   8900 |      0 |   2804 |   3730 |   5 | 1780.0 |
               +--------+--------+--------+--------+--------+-----+--------+

Top non-repeatable levels by time:
  Lair:5: 3032 daAuts
     D:7: 1933 daAuts
  Lair:1: 1868 daAuts
  Lair:2: 1524 daAuts
    D:10: 1514 daAuts
     D:5: 1424 daAuts
     D:9: 1373 daAuts
  Lair:3: 1320 daAuts
  Lair:4: 1153 daAuts
    D:11: 1070 daAuts
     D:8: 1057 daAuts
     D:3: 868 daAuts
     D:4: 857 daAuts
     D:6: 737 daAuts
     D:2: 616 daAuts
